 Dungeon Crawl Stone Soup version 0.32-a0-38-gb04dd89b9b (webtiles) character file.

Game seed: 5518878646131487648

53 Newt the Changeling (level 3, 0/26 HPs)
             Began as an Octopode Shapeshifter on Jan 24, 2024.
             Slain by a bat (1 damage)
             ... on level 3 of the Dungeon.
             The game lasted 00:01:22 (1332 turns).

Newt the Changeling (Octopode Shapeshifter)         Turns: 1332, Time: 00:01:22

Health: 0/26       AC:  1    Str: 15    XL:     3   Next: 89%
Magic:  3/3        EV: 13    Int: 12    God:
Gold:   129        SH:  0    Dex: 11    Spells: 2/2 levels left

rFire   . .          .
                       - Unarmed
rCold   . . .        (no shield)
rNeg    . . .        (helmet currently unavailable)
rPois   .            e - amulet of the acrobat
rElec   .            (no ring)
rCorr   .            (no ring)
SInv    .            (no ring)
Will    .....        (no ring)
Stlth   ++           (no ring)
HPRegen 0.24/turn    (no ring)
MPRegen 0.08/turn    (no ring)
                     (no ring)

%: acrobat
@: beast-form
A: beast (slay +2), almost no armour, amphibious, 8 rings, camouflage 1,
gelatinous body 1, (nimble swimmer 1), tentacles
a: Begin Untransformation


You were on level 3 of the Dungeon.
You were a hulking beast.
You visited 1 branch of the dungeon, and saw 3 of its levels.

You collected 129 gold pieces.

Inventory:

Jewellery
 e - an amulet of the acrobat (around mantle)
 g - a ring of resist corrosion
Talismans
 b - a beast talisman
 c - a flux talisman
Potions
 a - a potion of lignification
 f - a potion of might
 h - a potion of curing
 i - a potion of enlightenment {unknown}
 j - a potion of mutation


   Skills:
 - Level 3.0 Fighting
 - Level 2.0 Dodging
 - Level 3.0 Unarmed Combat
 + Level 3.5 Shapeshifting


You had 2 spell levels left.
You didn't know any spells.
Your spell library contained the following spells:

 Spells                   Type           Power      Damage    Failure   Level
 Malign Gateway           Summ/Tloc      0%         N/A       100%        7
 Summon Horrible Things   Summ           0%         N/A       100%        8


Dungeon Overview and Level Annotations

Branches:
Dungeon (3/15)

Altars:


Innate Abilities, Weirdness & Mutations

You are a hulking beast.
Your limbs bulge with bestial killing power. (Slay +2)
You cannot wear most types of armour.
You are amphibious.
You can wear up to eight rings at the same time.
Your skin changes colour to match your surroundings (Stealth+).
Your rubbery body absorbs attacks. (AC +1, EV +1)
((You are camouflaged when in or above water. (Stealth+)))
You have tentacles for arms and can constrict up to eight enemies at once.


Message History

You kill the kobold!
No target in view!
As you read the scroll of identify, it crumbles to dust.
f - a potion of might
As you read the scroll of identify, it crumbles to dust.
h - a potion of curing
Things that are here:
a +0 whip; 4 poisoned darts You pick up a Grand Grimoire and begin reading...
You add the spells Malign Gateway and Summon Horrible Things to your library.
Found a stone staircase leading down.
No target in view!
There is a stone staircase leading down here.
You now have 129 gold pieces (gained 3).
You open the door.
An ogre comes into view. It is wielding a +0 giant club.
Found a gold piece.
There is an open door here.
An ogre is nearby!
The ogre shouts!
You hear an angry hiss.
A bat comes into view.
Found 17 gold pieces.
You tentacle-slap the ogre but do no damage.
Your squeeze misses the ogre. The ogre closely misses you.
Unknown command.
You tentacle-slap the ogre.
The ogre is lightly wounded.
The bat closely misses you.
The ogre hits you with a +0 giant club!!
Ouch! That really hurt!
* * * LOW HITPOINT WARNING * * *
Unknown command.
You tentacle-slap the ogre. You squeeze the ogre.
The ogre is heavily wounded.
The bat barely misses you.
Unknown command.
You tentacle-slap the ogre but do no damage.
The ogre is heavily wounded.
The bat closely misses you. The bat hits you.
You die...

##....#....# ###.####
#....##########......#
.....# ...........#
.#...... #####......#
.#...#.## #......#
#.....# ......#'####
###.### #######.## .#
##...# #h.#..#
#..bO###.$# #........
..# #.≈≈≈.≈≈≈≈ ..#
..≈.......≈ ##
#.≈.♣♣♣♣♣.≈. #.≈. .≈.#
#.≈ $§.#


You could see an ogre and a bat.

Vanquished Creatures
  An adder (D:2)
  3 dart slugs
  2 ribbon worms (D:2)
  A ball python (D:2)
  3 bats
  2 giant cockroaches (D:1)
  12 goblins
  5 kobolds
  A quokka (D:1)
  A frilled lizard (D:2)
  4 rats
35 creatures vanquished.

Notes
Turn   | Place    | Note
-------+----------+-------------------------------------------
     0 | D:1      | Newt the Octopode Shapeshifter began the quest for the Orb.
     0 | D:1      | Reached XP level 1. HP: 13/13 MP: 1/1
   121 | D:1      | Reached XP level 2. HP: 15/19 MP: 2/2
   764 | D:2      | Identified the +0 plate armour of Eternity {Int+3}
   795 | D:2      | Reached XP level 3. HP: 19/26 MP: 3/3
  1325 | D:3      | Noticed an ogre
  1330 | D:3      | HP: 1/26 [ogre/+0 giant club (25)]
  1332 | D:3      | Slain by a bat

Illustrated notes

Levels and vault maps discovered:
D:1:      elethiomel_arrival_infinity_welcomes_careful_drivers,
          layout_loops_ring, nicolae_figureground_pulse
D:2:      layout_rooms
D:3:      layout_basic, mainiacjoe_overflow_brackets, kennysheep_nondescript,
          dk_vineyard_2

Skill      XL: |  1  2 |
---------------+-------+-----
Fighting       | 2 3 |  3.0
Dodging        | |  2.0
Unarmed Combat | |  3.0
Shapeshifting  | |  3.5

Action                     || total
---------------------------++-------
  Melee: Unarmed           ||    67
         Constrict         ||    16
         Tentacles         ||    12
         Punch             ||     1
    Use: Scroll            ||     7
   Stab: Sleeping          ||     4
 Armour: Skin              ||    16
  Dodge: Dodged            ||    37

Table legend: (Time is in decaauts)
 A = Elapsed time spent in this place.
 B = Non-inter-level travel time spent in this place.
 C = Inter-level travel time spent in this place.
 D = Time resting spent in this place.
 E = Time spent auto-exploring this place.
 F = Levels seen in this place.
 G = Mean time per level.
                   A        B        C        D        E       F      G
               +--------+--------+--------+--------+--------+-----+--------+
         Total |   1328 |   1287 |     41 |      0 |   1060 |   3 |  442.7 |
       Dungeon |   1328 |   1287 |     41 |      0 |   1060 |   3 |  442.7 |
               +--------+--------+--------+--------+--------+-----+--------+

Top non-repeatable levels by time:
     D:1: 760 daAuts
     D:2: 472 daAuts
     D:3: 95 daAuts
